 Dungeon Crawl Stone Soup version 0.28.0-45-g0d030f2227 (webtiles) character file.

Game seed: 16782736977678616873

114 protoss039 the Digger (level 4, -20/34 HPs)
             Began as a Demonspawn Earth Elementalist on May 30, 2022.
             Killed by an exploding orc wizard (21 damage)
             ... ignited by their inner flame
             ... on level 5 of the Dungeon.
             The game lasted 00:04:36 (2529 turns).

protoss039 the Digger (DsEE)                        Turns: 2529, Time: 00:04:37

Health: -20/34     AC:  8    Str:  8    XL:     4   Next: 66%
Magic:  3/7        EV: 12    Int: 18    God:
Gold:   143        SH:  0    Dex: 14    Spells: 2/8 levels left

rFire   . . .      SeeInvis .   h - +0 whip (venom)
rCold   . . .      Faith    .   (no shield)
rNeg    . . .      Spirit   .   b - +0 robe
rPois   .          Reflect  .   m - +0 helmet
rElec   .          Harm     .   (no cloak)
rCorr   .          Rampage  .   (no gloves)
Will    .....                   f - +0 pair of boots
Stlth   ++........              (no amulet)
HPRegen 0.11/turn               d - +4 ring of protection
MPRegen 0.10/turn               (no ring)

@: very slightly contaminated
A: foul stench 1
a: no special abilities


You were on level 5 of the Dungeon.
You visited 1 branch of the dungeon, and saw 4 of its levels.

You collected 143 gold pieces.

Inventory:

Hand Weapons
 h - a +0 whip of venom (weapon)
Missiles
 c - 43 stones
Armour
 b - a +0 robe (worn)
 f - a +0 pair of boots (worn)
 m - a +0 helmet (worn)
Jewellery
 d - a +4 ring of protection (left hand)
Scrolls
 e - a scroll of magic mapping
 g - a scroll of blinking
 k - a scroll of vulnerability
Potions
 j - a potion of attraction {unknown}
 l - a potion of curing


   Skills:
 * Level 2.5 Fighting
 + Level 1.4 Armour
 - Level 1.7 Dodging
 - Level 1.7 Stealth
 + Level 2.6 Spellcasting
 * Level 0.2 Conjurations
 - Level 1.0 Transmutations
 + Level 3.2 Earth Magic


You had 2 spell levels left.
You knew the following spells:

 Your Spells              Type           Power      Damage    Failure   Level
a - Sandblast             Erth           28%        2d8       4%          1
b - Passwall              Tmut/Erth      8%         N/A       11%         2
c - Stone Arrow           Conj/Erth      16%        3d8       26%         3

Your spell library contained the following spells:

 Spells                   Type           Power      Damage    Failure   Level
 Petrify                  Tmut/Erth      10%        N/A       56%         4


Dungeon Overview and Level Annotations

Branches:
Dungeon (3/15)

Altars:

Shops:
D:1 !


Innate Abilities, Weirdness & Mutations

You may rarely emit foul miasma when damaged in melee.


Message History

Okay, then.
Casting: Sandblast (safe; 4% risk of failure)
Confirm with . or Enter, or press ? or * to list all spells.
Aiming: Sandblast (safe; 4% risk of failure)
Press: ? - help, Shift-Dir - straight line, f/p - orc wizard
Aim: an orc wizard, wielding a +0 dagger and wearing a +0 robe (inner flame, 74% to hit)
The blast of sand hits the orc wizard.
Flame seeps out of the orc wizard.
The orc wizard is lightly wounded.
The iguana bites you!
* * * LOW HITPOINT WARNING * * *
The orc wizard is engulfed in blazing flames.
Flame seeps out of the orc wizard.
Unknown command.
Unknown command.
Unknown command.
Casting: Sandblast (safe; 4% risk of failure)
Confirm with . or Enter, or press ? or * to list all spells.
Aiming: Sandblast (safe; 4% risk of failure)
Press: ? - help, Shift-Dir - straight line, f - orc priest, p - orc wizard
Aim: an orc priest, wielding a +0 dagger (inner flame, 79% to hit)
The blast of sand hits the orc priest!
Flame seeps out of the orc priest.
The orc priest is severely wounded.
The iguana bites you!
* * * LOW HITPOINT WARNING * * *
An ogre comes into view. It is wielding a +0 giant club.
The orc priest is engulfed in blazing flames.
The orc priest explodes!
The fiery explosion engulfs the iguana!!!
The fiery explosion engulfs the orc priest!!
The orc priest explodes!
The fiery explosion engulfs something!!
Reactivating autopickup.
You feel a bit more experienced.
The fiery explosion engulfs the ogre!!!
You kill the ogre!
The orc wizard explodes!
The iguana explodes!
The fiery explosion engulfs you but does no damage.
The fiery explosion engulfs the orc wizard!!!
The orc wizard explodes!
The fiery explosion engulfs you!!
Ouch! That really hurt!
You die...

####### #≈≈≈≈≈# #≈...≈#
#≈...≈# #≈...≈# ###
######≈#.#≈###### ....
#≈≈≈≈≈≈#.#≈≈≈≈≈≈# .....
#≈...##8.8##...§#§§....
+.....).....§@○○§§§....
#≈...##8.8##§§§§#§.....
#≈≈≈≈≈≈#.#≈≈§§§§# .{.(.
######≈#.#≈###### ....
#≈...≈# ### #≈...≈#
#≈...≈# #≈≈≈≈≈# #######


There were no monsters in sight!

Vanquished Creatures
  An ogre (D:5)
  2 orc priests (D:5)
  An iguana (D:5)
  2 orc wizards (D:5)
  Robin (D:2)
  4 adders
  2 worms
  A dart slug (D:1)
  4 bats
  3 endoplasms
  3 giant cockroaches
  15 goblins
  6 hobgoblins
  A quokka (D:2)
  4 ball pythons
  A frilled lizard (D:1)
  6 kobolds
  4 rats
61 creatures vanquished.

Notes
Turn   | Place    | Note
-------+----------+-------------------------------------------
     0 | D:1      | protoss039 the Demonspawn Earth Elementalist began the
                  | quest for the Orb.
     0 | D:1      | Reached XP level 1. HP: 13/13 MP: 3/3
   127 | D:1      | Found Caciewk's Distillery.
   212 | D:1      | Reached skill level 1 in Transmutations
   526 | D:1      | Reached skill level 1 in Fighting
   526 | D:1      | Gained mutation: You may rarely emit foul miasma when
                  | damaged in melee. [demonic ancestry]
   526 | D:1      | Reached XP level 2. HP: 14/21 MP: 1/5
  1266 | D:2      | Found a faded altar of an unknown god.
  1285 | D:2      | Noticed Robin
  1318 | D:1      | Reached XP level 3. HP: 17/26 MP: 1/6
  1477 | D:2      | Reached skill level 3 in Earth Magic
  1609 | D:2      | Reached skill level 1 in Armour
  1707 | D:2      | Killed Robin
  1780 | D:2      | Reached XP level 4. HP: 18/33 MP: 4/7
  2250 | D:3      | Learned a level 2 spell: Passwall
  2254 | D:3      | Learned a level 3 spell: Stone Arrow
  2509 | D:3      | You fall into a shaft and drop 2 floors!
  2509 | D:5      | Entered Level 5 of the Dungeon
  2519 | D:5      | Noticed an ogre
  2529 | D:5      | HP: 1/34 [iguana (7)]
  2529 | D:5      | Noticed an ogre
  2529 | D:5      | Killed an ogre
  2529 | D:5      | Killed by an exploding orc wizard... ignited by their inner
                  | flame

Illustrated notes

Levels and vault maps discovered:
D:1:      evilmike_arrival_fibonacci_small, layout_rooms, serial_shops, shop
D:2:      layout_rooms, chequers_ecumenical_altar_simple, uniq_robin
D:3:      layout_rooms, nemelex_altar_shiori
D:5:      layout_loops_cross, kennysheep_minor_cross

Skill      XL: |  1  2  3 |
---------------+----------+-----
Transmutations | 1 |  1.0
Fighting       | 1 2 |  2.5
Earth Magic    | 3 |  3.2
Armour         | 1 |  1.4
Dodging        | |  1.7
Stealth        | |  1.7
Spellcasting   | |  2.6
Conjurations   | |  0.2

Action                   |  1- 3 |  4- 6 || total
-------------------------+-------+-------++-------
Melee: Unarmed           |    34 |       ||    34
       Club              |    40 |       ||    40
       Punch             |     3 |     1 ||     4
       Short sword       |    36 |       ||    36
       Whip              |    33 |    46 ||    79
 Cast: Sandblast         |    19 |     6 ||    25
  Use: Potion            |     1 |       ||     1
       Scroll            |       |     5 ||     5
 Stab: Sleeping          |     3 |       ||     3
Armor: Robe              |    79 |    14 ||    93
Dodge: Dodged            |   120 |    30 ||   150
